 Dungeon Crawl Stone Soup version 0.30-a0-305-g026cb31310 (webtiles) character file.

Game seed: 4955212309200568718

91 koil the Sneak (level 4, -11/23 HPs)
             Began as a Spriggan Brigand on Oct 23, 2022.
             Killed by nerve-wracking pain
             ... invoked by Grinder
              (13 damage)
             ... on level 3 of the Dungeon.
             The game lasted 00:06:16 (2000 turns).

koil the Sneak (Spriggan Brigand)                   Turns: 2000, Time: 00:06:16

Health: -11/23     AC:  3    Str:  7    XL:     4   Next: 33%
Magic:  7/7        EV: 17    Int: 14    God:
Gold:   129        SH:  0    Dex: 16    Spells: 2/6 levels left

rFire   . . .      SeeInvis +    a - +2 dagger
rCold   . . .      Faith    .    (no shield)
rNeg    . . .      Spirit   .    b - +0 robe
rPois   .          Reflect  .    (helmet restricted)
rElec   .          Harm     .    c - +0 cloak
rCorr   .          Rampage  .    (gloves unavailable)
Will    .....                    (boots unavailable)
Stlth   +++.......               (no amulet)
HPRegen 0.23/turn                (no ring)
MPRegen 0.10/turn                (no ring)

@: very quick
A: very small, no large weapons, unfitting armour, see invisible, speed 3
a: no special abilities


You were on level 3 of the Dungeon.
You visited 1 branch of the dungeon, and saw 3 of its levels.

You collected 129 gold pieces.

Inventory:

Hand Weapons
 a - a +2 dagger (weapon)
 q - a +0 dagger of freezing
Missiles
 d - 9 poisoned darts (quivered)
 e - 3 curare-tipped darts
 n - 2 throwing nets
Armour
 b - a +0 robe (worn)
 c - a +0 cloak (worn)
 p - an orb of energy
Scrolls
 g - 5 scrolls of identify {unknown}
 i - 3 scrolls of noise {unknown}
 j - a scroll of immolation {unknown}
 l - a scroll of teleportation {unknown}
 m - a scroll of enchant weapon {unknown}
 s - a scroll of fear {unknown}
Potions
 f - a potion of curing {unknown}
 h - a potion of heal wounds {unknown}
 k - a potion of cancellation {unknown}
 o - a potion of mutation {unknown}
 r - a potion of haste {unknown}


   Skills:
 + Level 2.2 Fighting
 + Level 2.9 Short Blades
 - Level 2.0 Throwing
 + Level 2.8 Dodging
 + Level 6.5 Stealth
 + Level 1.9 Spellcasting
 + Level 0.0 Poison Magic


You had 2 spell levels left.
You knew the following spells:

 Your Spells              Type           Power      Damage    Failure   Level
a - Olgreb's Toxic Radia  Pois           1%         N/A       94%         4

Your spell library contained the following spells:

 Spells                   Type           Power      Damage    Failure   Level
 Frozen Ramparts          Ice            2%         1d1       58%         3
 Ice Form                 Ice/Tmut       1%         N/A       94%         4
 Summon Ice Beast         Ice/Summ       1%         N/A       94%         4
 Ozocubu's Refrigeration  Ice            0%         4d7       100%        7
 Ignition                 Fire           0%         3d3       100%        8


Dungeon Overview and Level Annotations

Branches:
Dungeon (3/15)

Altars:
Sif Muna

Annotations:
D:3 Grinder


Innate Abilities, Weirdness & Mutations

You are very small and have problems with some larger weapons.
You are too small for most types of armour.
You have supernaturally acute eyesight. (SInv)
You cover ground extremely quickly. (Speed+++)


Message History

You add the spells Olgreb's Toxic Radiance, Ozocubu's Refrigeration and Ignition to your library.
This spell is astonishingly dangerous to cast!
Memorise Olgreb's Toxic Radiance, consuming 4 spell levels and leaving 2?
You start memorising the spell.
You continue memorising. x4
You finish memorising.
Spell assigned to 'a'.
Grinder is nearby!
Unknown command.
Press: ? - help, v - describe, . - travel
Here: Grinder (wandering, hasn't noticed you)
The floor.
Unknown command.
Unknown command.
Unknown command.
You aren't carrying any items that you can evoke.
Found 10 gold pieces.
You now have 129 gold pieces (gained 10).
Grinder barely misses you.
You hit Grinder but do no damage. Grinder gestures at you.
You suddenly lose the ability to move!
Grinder hits you.
You writhe in agony.
Grinder hits you but does no damage. Grinder hits you but does no damage.
Grinder gestures at you.
You shrug off the repeated paralysis!
Grinder hits you!
* * * LOW HITPOINT WARNING * * *
You writhe in agony.
* * * LOW HITPOINT WARNING * * *
You can move again.
Unknown command.
Unknown command.
Unknown command.
Grinder gestures at you. You resist with some effort.
There is a stone staircase leading up here.
Grinder gestures at you. Pain shoots through your body!
Ouch! That really hurt!
You die...

#. #........##.....#
#.##.#####.###.....#
#.#.## #.# #.#...# ###
#...# #.# #.##..# ..#
#.#.####.# #.##..#
#.###........###.##..##
#..#..#######....##...#
# #####.....###
#.#####.### #.
#......5..@.# #.# #.###
#.##.###.....#.# #.#
#.##. #.#.#.........#
#.# #..#.
#..#....<....# #.#
####. #.#.........# #.#
## ##...)......## #.# #
##.#..........# #.# #
#........###.....
#..##.....# .####


You could see Grinder.

Vanquished Creatures
  3 adders
  6 orcs (D:3)
  5 endoplasms
  4 giant cockroaches
  2 goblins (D:2)
  2 hobgoblins (D:1)
  4 jackals (D:1)
  5 kobolds
  6 quokkas
  5 ball pythons
  4 bats
  3 frilled lizards
  4 rats
53 creatures vanquished.

Notes
Turn   | Place    | Note
-------+----------+-------------------------------------------
     0 | D:1      | koil the Spriggan Brigand began the quest for the Orb.
     0 | D:1      | Reached XP level 1. HP: 10/10 MP: 2/2
   221 | D:1      | Reached skill level 6 in Stealth
   277 | D:1      | Reached XP level 2. HP: 15/15 MP: 2/4
   358 | D:1      | Reached skill level 1 in Spellcasting
   608 | D:1      | Reached XP level 3. HP: 10/18 MP: 5/5
   832 | D:2      | Found a faded altar of an unknown god.
  1327 | D:2      | Found a shimmering blue altar of Sif Muna.
  1551 | D:3      | Noticed Grinder
  1713 | D:3      | Reached XP level 4. HP: 17/23 MP: 7/7
  1940 | D:3      | Learned a level 4 spell: Olgreb's Toxic Radiance
  1990 | D:3      | Paralysed by Grinder for 5 turns
  1995 | D:3      | HP: 1/23 [Grinder (4)]
  2000 | D:3      | Killed from afar by Grinder

Illustrated notes

Levels and vault maps discovered:
D:1:      dpeg_arrival_rhombus, layout_loops_ring
D:2:      layout_loops_cross, basic_altar, nicolae_ecumenical_pavilion,
          minmay_tree_intersection
D:3:      layout_loops_ring, minmay_puff, uniq_grinder

Skill      XL: |  1  2  3 |
---------------+----------+-----
Stealth        | 6 |  6.5
Spellcasting   | 1 |  1.9
Dodging        | 2 |  2.8
Fighting       | 2 |  2.2
Short Blades   | |  2.9
Throwing       | |  2.0

Action                   |  1- 3 |  4- 6 || total
-------------------------+-------+-------++-------
Melee: Dagger            |   161 |    29 ||   190
       Punch             |       |     1 ||     1
 Stab: Sleeping          |     9 |     3 ||    12
Armor: Robe              |    25 |     3 ||    28
Dodge: Dodged            |    83 |    20 ||   103

Table legend: (Time is in decaauts)
 A = Elapsed time spent in this place.
 B = Non-inter-level travel time spent in this place.
 C = Inter-level travel time spent in this place.
 D = Time resting spent in this place.
 E = Time spent auto-exploring this place.
 F = Levels seen in this place.
 G = Mean time per level.
                   A        B        C        D        E       F      G
               +--------+--------+--------+--------+--------+-----+--------+
         Total |   1373 |   1348 |     25 |      0 |    975 |   3 |  457.7 |
       Dungeon |   1373 |   1348 |     25 |      0 |    975 |   3 |  457.7 |
               +--------+--------+--------+--------+--------+-----+--------+

Top non-repeatable levels by time:
     D:1: 586 daAuts
     D:2: 499 daAuts
     D:3: 287 daAuts
